 Dungeon Crawl Stone Soup version 0.30-a0-371-gad7725a93e (webtiles) character file.

Game seed: 16527750274335480990

35 sanka the Conjurer (level 3, -5/29 HPs)
             Began as a Demigod Reaver on Nov 22, 2022.
             Slain by a worm (8 damage)
             ... on level 2 of the Dungeon.
             The game lasted 00:02:03 (1146 turns).

sanka the Conjurer (Demigod Reaver)                 Turns: 1146, Time: 00:02:04

Health: -5/29      AC:  3    Str: 13    XL:     3   Next: 4%
Magic:  6/8        EV: 11    Int: 19    God:
Gold:   51         SH:  0    Dex: 12    Spells: 3/6 levels left

rFire   . . .      SeeInvis .    a - +0 mace
rCold   . . .      Faith    .    (no shield)
rNeg    . . .      Spirit   .    b - +0 leather armour
rPois   .          Reflect  .    (no helmet)
rElec   .          Harm     .    (no cloak)
rCorr   .          Rampage  .    (no gloves)
Will    .....                    (no boots)
Stlth   +.........               (no amulet)
HPRegen 0.24/turn                (no ring)
MPRegen 0.11/turn                (no ring)

@: lethally poisoned (-5 -> -6), slowed, very slow
A: high MP 1, forlorn, divine attributes
a: no special abilities


You were on level 2 of the Dungeon.
You visited 1 branch of the dungeon, and saw 2 of its levels.

You collected 51 gold pieces.


Innate Abilities, Weirdness & Mutations

You have an increased reservoir of magic. (+10% MP)
You shall have no god before yourself.
Your divine heritage dramatically boosts your attributes as you level up.


   Skills:
 - Level 1.7 Fighting
 - Level 2.6 Maces & Flails
 - Level 1.7 Dodging
 - Level 2.0 Spellcasting
 + Level 3.8 Conjurations


You had 3 spell levels left.
You knew the following spells:

 Your Spells              Type           Power      Damage    Failure   Level
u - Momentum Strike       Conj/Tloc      18%        3d8       14%         2
y - Kiss of Death         Conj/Necr      36%        2d8       10%         1

Your spell library contained the following spells:

 Spells                   Type           Power      Damage    Failure   Level
 Hailstorm                Conj/Ice       9%         3d4       28%         3
 Gell's Gravitas          Tloc           1%         N/A       54%         3
 Lesser Beckoning         Tloc           2%         N/A       54%         3
 Teleport Other           Tloc           1%         N/A       54%         3

Inventory:

Hand Weapons
 a - a +0 mace (weapon)
Missiles
 g - a throwing net {=f}
Armour
 b - a +0 leather armour (worn)
Scrolls
 c - 2 scrolls of identify {unknown}
 d - a scroll of teleportation {unknown}
 e - a scroll of fear {unknown}
Potions
 f - a potion of haste {unknown}

Dungeon Overview and Level Annotations

Branches:
Dungeon (2/15)

Annotations:
D:2 Natasha

▒..........▒▒▒▒
▒..........)..▒
▒▒▒▒▒▒▒▒...........÷.▒
.................<†▒▒▒▒▒▒▒
........▒..▒...........<.▒▒
...........................
...........▒.......(.....▒.
........▒▒.w..▒▒.........▒
..........▒..▒p.▒▒.........▒
▒...........▒S(.▒▒...........
▒..........▒▒.▒.▒▒.......(..▒
..........†..▒.▒...........▒
........▒.....▒.▒▒▒▒▒▒..▒..
▒.h..▒...▒.....▒ .....
▒▒▒▒▒▒..▒▒........▒▒▒▒▒ .....
▒...▒........▒▒▒......▒ ....
▒.▒....▒.▒▒▒▒▒▒..▒▒▒▒..▒


You could see a worm and an adder.


Message History

You have reached level 3!
Your experience leads to a dramatic increase in your attributes!
Increase (s)trength, (i)ntelligence, or (d)exterity?
You feel clever.
You feel clever.
You feel clever.
You feel clever.
Unknown command.
The worm barely misses you.
An adder comes into view.
The adder bites you but does no damage. The adder attacks as you move away!
The adder bites you but does no damage. The adder bites you.
* * * LOW HITPOINT WARNING * * *
You are poisoned.
The adder poisons you!
Natasha, Servant of Life and Death comes into view.
She is carrying a wand of polymorph (8).
The adder attacks as you move away! The adder bites you.
* * * LOW HITPOINT WARNING * * *
* * * LOW HITPOINT WARNING * * *
You feel sick. The adder misses you.
Unknown command.
* * * LOW HITPOINT WARNING * * *
You feel sick. The adder barely misses you. The worm bites you!
You die...

Action                   || total
-------------------------++-------
Melee: Mace              ||    88
       Punch             ||     2
 Cast: Momentum Strike   ||     5
Armor: Leather armour    ||    16
Dodge: Dodged            ||    55

Levels and vault maps discovered:
D:1:      sevenhm_arrival_forest_fort_small_2, layout_basic
D:2:      minmay_spotlight, layout_rooms, serial_bayou_lagoon_a, uniq_natasha

Notes
Turn   | Place    | Note
-------+----------+-------------------------------------------
     0 | D:1      | sanka the Demigod Reaver began the quest for the Orb.
     0 | D:1      | Reached XP level 1. HP: 17/17 MP: 5/5
     4 | D:1      | Noticed an anaconda
   178 | D:1      | Reached skill level 2 in Spellcasting
   207 | D:1      | Reached skill level 3 in Conjurations
   298 | D:1      | Noticed a six-headed hydra
   568 | D:1      | Reached XP level 2. HP: 19/24 MP: 7/7
   805 | D:1      | Learned a level 2 spell: Momentum Strike
   834 | D:2      | Noticed Natasha
   841 | D:2      | Killed Natasha
  1120 | D:2      | Noticed Natasha
  1130 | D:2      | Killed Natasha
  1131 | D:2      | Reached XP level 3. HP: 4/29 MP: 4/8
  1144 | D:2      | Noticed Natasha
  1146 | D:2      | Slain by a worm

Vanquished Creatures
  Natasha (D:2)
  5 endoplasms
  2 giant cockroaches
  4 goblins
  6 hobgoblins
  A quokka (D:2)
  2 ball pythons (D:1)
  A frilled lizard (D:1)
  5 rats
27 creatures vanquished.

Vanquished Creatures (others)
  Natasha (D:2)
  An adder (D:2)
  A hobgoblin (D:2)
  10 plants (D:2)
13 creatures vanquished.

Grand Total: 40 creatures vanquished
